 Dungeon Crawl Stone Soup version 0.29.1-2-gbd0b4ee654 (webtiles) character file.

Game seed: 7575867486220879145

18 mortz the Trooper (level 2, -3/24 HPs)
             Began as a Merfolk Fighter on Nov 21, 2022.
             Slain by a gnoll
             ... wielding a +0 flail
              (10 damage)
             ... on level 1 of the Dungeon.
             The game lasted 00:02:11 (390 turns).

mortz the Trooper (Merfolk Fighter)                  Turns: 390, Time: 00:02:12

Health: -3/24      AC:  6    Str: 16    XL:     2   Next: 66%
Magic:  2/2        EV:  8    Int:  7    God:
Gold:   51         SH:  4    Dex: 13    Spells: 1/1 levels left

rFire   . . .      SeeInvis .   a - +0 trident
rCold   . . .      Faith    .   c - +0 buckler
rNeg    . . .      Spirit   .   b - +0 scale mail
rPois   .          Reflect  .   (no helmet)
rElec   .          Harm     .   (no cloak)
rCorr   .          Rampage  .   (no gloves)
Will    .....                   (no boots)
Stlth   ..........              (no amulet)
HPRegen 0.08/turn               (no ring)
MPRegen 0.08/turn               (no ring)

@: no status effects
A: (nimble swimmer 2), mertail
a: no special abilities


You were on level 1 of the Dungeon.
You visited 1 branch of the dungeon, and saw 1 of its levels.

You collected 51 gold pieces.

Inventory:

Hand Weapons
 a - a +0 trident (weapon)
 g - a +0 short sword of draining
 m - a +0 hand axe
Missiles
 f - 2 stones
 h - 2 javelins (quivered)
Armour
 b - a +0 scale mail (worn)
 c - a +0 buckler (worn)
Scrolls
 e - a scroll of silence {unknown}
 i - a scroll of identify {unknown}
 j - 2 scrolls of teleportation {unknown}
 k - a scroll of immolation {unknown}
 l - 2 scrolls of torment {unknown}
Potions
 d - a potion of might


   Skills:
 + Level 3.5 Fighting
 + Level 3.1 Polearms
 + Level 2.3 Armour
 + Level 3.2 Shields


You had one spell level left.
You didn't know any spells.
Your spell library contained the following spells:

 Spells                   Type           Power      Damage    Failure   Level
 Stone Arrow              Conj/Erth      0%         3d7       100%        3
 Animate Armour           Summ/Erth      0%         N/A       100%        4
 Lehudib's Crystal Spear  Conj/Erth      0%         10d2      100%        8


Dungeon Overview and Level Annotations

Branches:
Dungeon (1/15) Zot: 5598

Altars:


Innate Abilities, Weirdness & Mutations

((You are very nimble when in or above water. (Stealth+, EV+, Speed+++)))
Your lower body shifts to a powerful aquatic tail in water.


Message History

Found a dagger.
There is a stone staircase leading down here.
Found a hand axe.
You see here a +0 ring mail.
j - 2 scrolls labelled ATHRIOKKAZXA (gained 1)
You see here a +0 hand axe.
m - a +0 hand axe No target in view!
A ball python comes into view.
The ball python hisses angrily.
You reach to attack!
You hit the ball python.
The ball python is moderately wounded.
You puncture the ball python!
You kill the ball python!
No target in view!
You see here a ball python corpse.
You pick up a book of Armaments and begin reading...
You add the spells Stone Arrow, Animate Armour and Lehudib's Crystal Spear to your library.
A kobold comes into view. It is wielding a +0 short sword.
The kobold shouts!
You hear a shout!
Okay, then.
A gnoll comes into view. It is wielding a +0 flail.
The kobold throws a stone.
You throw a javelin. The javelin pierces through the gnoll.
The gnoll is heavily wounded.
The kobold throws a stone.
You throw a javelin. The javelin barely misses the gnoll.
The javelin closely misses the kobold.
You throw a javelin. The javelin pierces through the gnoll!
The gnoll is almost dead.
The javelin closely misses the kobold.
The gnoll hits you with a +0 flail.
You barely miss the gnoll.
The gnoll is almost dead.
The gnoll hits you with a +0 flail.
You completely miss the gnoll.
The gnoll is almost dead.
The gnoll hits you with a +0 flail!
* * * LOW HITPOINT WARNING * * *
The gnoll hits you with a +0 flail!
You die...

###### #....# #....#
#....#
###############....######
.(....Kg@.............†..
#.....##############.####
.(..# #.# ... #.# . #..
##. .. .. ...♣.....♣


You could see a gnoll and a kobold.

Vanquished Creatures
  A ball python (D:1)
  3 bats (D:1)
  2 endoplasms (D:1)
  A goblin (D:1)
  2 hobgoblins (D:1)
  2 jackals (D:1)
  A quokka (D:1)
  3 frilled lizards (D:1)
  A kobold (D:1)
16 creatures vanquished.

Notes
Turn   | Place    | Note
-------+----------+-------------------------------------------
     0 | D:1      | mortz the Merfolk Fighter began the quest for the Orb.
     0 | D:1      | Reached XP level 1. HP: 18/18 MP: 1/1
   130 | D:1      | Reached XP level 2. HP: 24/24 MP: 2/2
   390 | D:1      | Slain by a gnoll

Illustrated notes

Levels and vault maps discovered:
D:1:      wander_arrival_estate, layout_basic

Skill      XL: |  1  2 |
---------------+-------+-----
Polearms       | 3 |  3.1
Fighting       | |  3.5
Armour         | |  2.3
Shields        | |  3.2

Action                   || total
-------------------------++-------
Melee: Trident           ||    42
Throw: Javelin           ||     3
Armor: Scale mail        ||    11
Dodge: Dodged            ||    13
Block: Buckler           ||     6
